Map: Blackburn LE

Players

Reynor - Winner!

  • Race: Zerg Zerg

HeroMarine

  • Race: Terran Terran

Event: DreamHack SC2 Masters 2021 Winter

VOD

Have the link to the VOD?

Description

Time

  • Played on: Oct. 15, 2021, 9:21 a.m.
  • Length: 19:07

All games in this series

Show
View Real Time Build Order
Export as new Build Order

Reynor Zerg - Winner!

Build Orders: Hatch First 

Get SALT Encoding   

  12  0:00  Drone  
  13  0:11  Overlord  
  13  0:17  Drone  
  14  0:30  Drone x2  
  16  0:48  Hatchery  
  15  0:51  Drone  
  15  0:54  Drone  
  17  0:57  Drone  
  18  1:08  Extractor  
  17  1:12  Spawning Pool  
  17  1:16  Drone  
  17  1:19  Drone  
  18  1:27  Drone  
  19  1:37  Drone  
  20  2:00  Queen x2  
  20  2:01  Zergling x6  
  27  2:10  Overlord  
  27  2:11  Metabolic Boost  
  27  2:13  Drone  
  28  2:29  Drone x2  
  30  2:36  Hatchery  
  29  2:39  Drone  
  29  2:43  Drone  
  29  2:44  Drone  
  31  2:53  Overlord  
  31  2:55  Drone x2  
  33  3:02  Queen  
  35  3:11  Drone x2  
  37  3:14  Overlord  
  37  3:17  Queen  
  39  3:21  Drone  
  39  3:22  Drone  
  39  3:23  Drone  
  39  3:25  Drone  
  43  3:33  Drone x2  
  45  3:39  Zergling x2  
  46  3:43  Queen, Overlord  
  46  3:47  Zergling x2  
  48  3:49  Queen  
  48  3:51  Zergling x2  
  51  3:56  Drone  
  51  3:57  Drone  
  53  4:03  Zergling x2, Baneling Nest  
  53  4:05  Drone  
  53  4:09  Drone  
  55  4:10  Queen  
  55  4:12  Overlord  
  55  4:16  Drone x3  
  60  4:19  Drone  
  60  4:22  Drone  
  60  4:23  Drone  
  63  4:24  Lair  
  63  4:26  Drone  
  63  4:28  Drone  
  65  4:32  Zergling x4  
  65  4:34  Overlord  
  65  4:36  Drone  
  68  4:40  Drone  
  68  4:45  Spore Crawler  
  66  4:46  Drone x2  
  66  4:48  Spore Crawler  
  66  4:49  Extractor  
  66  4:53  Overlord  
  66  4:55  Drone x3  
  66  4:57  Spore Crawler  
  66  4:59  Zergling x4  
  70  5:01  Drone  
  70  5:04  Drone  
  70  5:05  Baneling x3  
  70  5:06  Queen  
  74  5:10  Drone  
  75  5:17  Drone x4  
  75  5:20  Overlord  
  79  5:22  Drone x2  
  79  5:24  Overseer  
  81  5:28  Drone  
  81  5:32  Overlord  
  81  5:34  Zergling x6  
  85  5:36  Hatchery  
  85  5:37  Drone  
  85  5:38  Extractor  
  85  5:39  Extractor  
  85  5:40  Drone  
  84  5:43  Drone  
  84  5:44  Overlord  
  85  5:50  Centrifugal Hooks  
  85  5:51  Evolution Chamber  
  85  5:52  Evolution Chamber  
  85  5:53  Zergling x4  
  83  5:57  Baneling x3  
  83  5:58  Zergling x10  
  83  5:59  Zergling x2  
  83  6:03  Overseer  
  85  6:07  Zergling x6  
  85  6:08  Queen  
  85  6:10  Zergling x2  
  86  6:15  Overlord  
  86  6:16  Zergling x2  
  87  6:22  Zergling x8  
  87  6:23  Zerg Ground Armor Level 1  
  91  6:28  Drone x4  
  91  6:30  Drone x2  
  97  6:36  Zerg Melee Weapons Level 1  
  97  6:39  Zergling x2  
  97  6:40  Drone  
  97  6:43  Zergling x2  
  99  6:51  Drone  
  99  6:52  Drone x2  
  102  6:54  Baneling x7  
  102  6:55  Baneling x2  
  102  7:02  Zergling x6  
  102  7:07  Zergling x2  
  105  7:09  Zergling x10, Hatchery  
  105  7:13  Baneling x2  
  105  7:14  Baneling x5  
  109  7:16  Zergling x6  
  109  7:18  Zergling x2  
  109  7:19  Zergling x4  
  109  7:21  Hatchery  
  114  7:24  Drone  
  114  7:25  Overlord  
  114  7:28  Zergling x2, Queen  
  118  7:32  Spore Crawler  
  118  7:35  Zergling x4  
  119  7:37  Drone  
  119  7:39  Overlord x2  
  119  7:41  Spore Crawler  
  119  7:48  Overlord  
  119  7:56  Drone x3  
  119  7:58  Zergling x14  
  128  8:00  Zergling x2  
  128  8:04  Hatchery  
  128  8:05  Drone, Zergling x4  
  129  8:06  Infestation Pit, Zergling x4  
  129  8:12  Zergling x12  
  132  8:14  Zergling x2  
  132  8:15  Zergling x2  
  132  8:16  Zergling x2  
  132  8:17  Queen  
  132  8:18  Zerg Ground Armor Level 2  
  136  8:21  Zergling x4  
  136  8:24  Zergling x4  
  140  8:29  Baneling x8  
  140  8:30  Zergling x2  
  140  8:33  Zergling x2  
  142  8:34  Zergling x4  
  142  8:35  Zergling x6, Zerg Melee Weapons Level 2  
  142  8:38  Overlord  
  142  8:39  Zergling x6  
  147  8:48  Zergling x10  
  147  8:53  Zergling x8  
  147  8:54  Zergling x2  
  147  8:55  Hive  
  156  8:59  Zergling x4  
  156  9:05  Zergling x12  
  161  9:14  Zergling x2  
  161  9:15  Zergling x6  
  161  9:16  Zergling x6  
  168  9:18  Overlord  
  168  9:19  Queen  
  168  9:22  Zergling x2  
  168  9:24  Burrow, Overlord  
  171  9:31  Zergling x2  
  171  9:32  Zergling x4  
  171  9:35  Zergling x14  
  166  9:38  Zergling x10  
  166  9:40  Zergling x2  
  166  9:42  Overlord  
  166  9:43  Zergling x4  
  166  9:44  Zergling x4  
  174  9:45  Baneling  
  174  9:46  Baneling x7  
  174  9:49  Drone x2  
  174  9:50  Drone  
  174  9:52  Drone  
  178  9:55  Overlord  
  178  9:56  Drone x2  
  180  10:00  Drone x5  
  180  10:05  Zergling x6  
  180  10:09  Zergling x4  
  180  10:10  Zergling x4  
  180  10:11  Zergling x2  
  180  10:13  Zergling x8  
  150  10:22  Zergling x2  
  150  10:23  Zergling x10  
  150  10:28  Overlord  
  152  10:29  Baneling x8, Overlord x3  
  152  10:34  Zergling x4  
  130  10:38  Overlord  
  130  10:39  Overlord x2  
  130  10:42  Ultralisk Cavern  
  128  10:44  Viper  
  128  10:47  Viper  
  128  10:49  Drone x3  
  137  10:50  Drone x5  
  137  10:51  Adrenal Glands, Extractor  
  137  10:52  Drone x3  
  137  10:54  Extractor  
  137  10:56  Zergling x6  
  146  11:01  Zergling x8  
  132  11:04  Zergling x2  
  132  11:10  Zergling x10  
  133  11:12  Zergling x2  
  133  11:13  Zergling x4, Baneling Nest  
  133  11:14  Zergling x2  
  133  11:17  Queen x3  
  142  11:19  Zergling x8  
  142  11:24  Overlord  
  146  11:29  Ultralisk, Zergling x6, Chitinous Plating  
  146  11:30  Zergling x6  
  157  11:34  Queen x3  
  159  11:44  Ultralisk, Zergling x2  
  159  11:45  Zergling x18  
  173  11:52  Zergling x8  
  173  11:54  Queen x2  
  168  11:59  Overlord x2  
  168  12:00  Overlord  
  154  12:10  Zergling x4  
  154  12:11  Zergling x2  
  154  12:13  Overlord  
  154  12:14  Baneling x11  
  151  12:24  Ultralisk  
  151  12:25  Zergling x8  
  153  12:30  Zergling x10  
  153  12:31  Overlord  
  154  12:42  Queen  
  140  12:46  Zergling x4  
  140  12:47  Zergling x2  
  140  12:48  Overlord  
  140  12:54  Zergling x18  
  140  12:55  Queen x2  
  140  12:58  Ultralisk  
  148  13:00  Zergling x2, Queen  
  143  13:07  Overlord x3  
  143  13:08  Overlord  
  143  13:12  Overseer  
  139  13:20  Ultralisk  
  139  13:21  Zergling x10  
  139  13:22  Queen x2  
  133  13:27  Zergling x8  
  133  13:31  Zergling x4  
  130  13:34  Ultralisk  
  130  13:36  Zergling x8, Queen  
  130  13:37  Queen x2  
  140  13:42  Zergling x14  
  140  13:45  Overlord  
  140  13:47  Zergling x4  
  149  13:53  Overlord  
  149  14:01  Baneling  
  149  14:02  Baneling x6  
  149  14:07  Hatchery  
  148  14:10  Baneling x3  
  148  14:14  Hatchery  
  147  14:21  Spire  
  146  14:25  Drone x3, Extractor  
  146  14:26  Extractor  
  146  14:31  Zergling x22  
  157  14:34  Overlord  
  155  14:52  Ultralisk, Zergling x24  
  165  14:56  Evolution Chamber  
  165  14:58  Pneumatized Carapace  
  163  15:00  Drone  
  163  15:04  Overseer  
  164  15:16  Baneling x8  
  164  15:18  Drone x3  
  166  15:29  Drone  
  166  15:30  Drone x4  
  171  15:35  Corruptor  
  171  15:36  Corruptor x4  
  163  15:54  Corruptor x2  
  163  15:56  Zergling x30  
  178  16:02  Zerg Ground Armor Level 3  
  178  16:10  Anabolic Synthesis  
  178  16:13  Drone x2  
  178  16:14  Zergling x22  
  189  16:28  Baneling  
  189  16:29  Baneling x9  
  186  16:43  Zergling x2, Corruptor x3  
  187  16:57  Evolution Chamber  
  185  17:10  Drone, Extractor  
  185  17:11  Drone x4  
  185  17:12  Extractor  
  185  17:13  Extractor  
  185  17:14  Baneling x5, Spine Crawler, Spore Crawler  
  185  17:15  Ultralisk, Baneling x3, Zergling x2  
  191  17:16  Zergling x14  
  196  17:42  Baneling x15  
  196  17:44  Zergling x10, Hatchery  
  179  17:52  Ultralisk, Zergling x24  
  185  18:02  Zergling x18  
  188  18:14  Zergling x4  
  188  18:15  Zergling x16  
  168  18:27  Ultralisk x3, Zergling x6  
  168  18:28  Zergling x2  
  168  18:29  Baneling x6  
  186  18:36  Zergling x12  
  188  18:45  Zergling x2  
  188  18:46  Zergling x2  
  188  18:47  Overseer  
Show
View Real Time Build Order
Export as new Build Order

HeroMarine Terran 

Build Orders:  

Get SALT Encoding   

  12  0:00  SCV  
  13  0:12  SCV  
  14  0:17  Supply Depot  
  14  0:24  SCV  
  15  0:39  SCV, Barracks  
  16  0:44  Refinery  
  16  0:51  SCV  
  17  1:03  SCV  
  18  1:15  SCV  
  19  1:26  Barracks Reactor  
  19  1:28  Orbital Command  
  19  1:41  Command Center  
  19  1:52  Supply Depot  
  19  1:53  SCV  
  20  2:03  Factory  
  20  2:05  SCV  
  20  2:07  Marine  
  22  2:09  Marine  
  23  2:17  SCV  
  23  2:20  Refinery  
  24  2:25  Marine  
  24  2:27  Marine  
  24  2:29  SCV  
  27  2:41  SCV  
  28  2:49  Starport  
  28  2:53  Hellion x2, Marine  
  28  2:54  SCV  
  34  3:01  Orbital Command  
  34  3:06  SCV  
  35  3:18  SCV, Marine  
  35  3:19  Marine  
  38  3:23  Factory Tech Lab  
  38  3:25  Supply Depot  
  38  3:27  Medivac  
  38  3:28  SCV  
  38  3:30  SCV  
  42  3:36  Marine x2  
  42  3:40  SCV  
  45  3:42  SCV  
  46  3:50  Supply Depot  
  46  3:52  SCV  
  46  3:53  Factory Tech Lab  
  46  3:54  SCV, Marine x2  
  50  4:04  SCV  
  50  4:06  Cloaking Field, SCV  
  52  4:11  Banshee  
  52  4:12  Marine x2  
  52  4:14  Supply Depot  
  57  4:17  Siege Tank  
  57  4:18  SCV  
  57  4:19  SCV  
  62  4:27  Supply Depot  
  62  4:35  SCV x2, Marine x2  
  66  4:47  SCV x2  
  66  4:49  Siege Tank  
  71  4:53  Marine x2  
  71  4:54  Banshee, Supply Depot  
  71  4:59  SCV x2  
  78  5:09  Command Center  
  78  5:14  Supply Depot  
  78  5:15  SCV x2  
  80  5:27  SCV x2  
  82  5:28  Barracks  
  82  5:29  Factory Reactor  
  82  5:30  Stimpack  
  82  5:33  Barracks  
  82  5:36  Engineering Bay  
  82  5:37  Engineering Bay  
  82  5:40  SCV, Refinery x2  
  82  5:42  SCV  
  84  5:45  Marine  
  85  5:52  SCV  
  85  5:54  SCV  
  87  5:58  Starport Reactor  
  87  6:02  Marine  
  87  6:04  SCV  
  85  6:06  SCV  
  85  6:08  Barracks  
  85  6:10  Barracks  
  82  6:12  Terran Infantry Weapons Level 1, Terran Infantry Armor Level 1  
  82  6:16  SCV  
  82  6:18  SCV  
  80  6:20  Marine x3  
  80  6:22  Orbital Command  
  83  6:28  SCV  
  83  6:30  SCV  
  83  6:32  Marine x2  
  86  6:34  Siege Tank  
  86  6:38  Marine  
  86  6:39  Marine  
  92  6:40  SCV  
  92  6:41  Marine  
  92  6:42  SCV  
  92  6:43  Orbital Command  
  95  6:50  Marine x2  
  95  6:52  SCV  
  95  6:53  Medivac x2  
  102  6:54  SCV  
  102  6:55  Marine  
  102  6:57  Barracks Reactor x2  
  104  7:02  Supply Depot x2  
  104  7:04  SCV  
  104  7:06  Supply Depot, SCV  
  107  7:18  SCV x2  
  107  7:19  SCV  
  107  7:20  Supply Depot  
  107  7:23  Marine x2  
  107  7:24  Siege Tank  
  107  7:29  Marine  
  113  7:30  SCV, Command Center, Marine  
  113  7:31  Medivac  
  113  7:32  Medivac  
  113  7:36  Armory, Marine  
  120  7:38  Marine  
  120  7:39  Refinery, Marine  
  120  7:40  Marine  
  120  7:44  Marine x3  
  123  7:47  Marine x2  
  128  7:54  Marine  
  128  7:56  Siege Tank  
  131  7:58  SCV x2  
  131  7:59  SCV  
  131  8:01  Factory, Marine x3  
  131  8:03  Supply Depot, Combat Shield  
  131  8:04  Supply Depot  
  135  8:12  Medivac  
  135  8:13  Marine x4  
  141  8:23  Supply Depot  
  141  8:25  Terran Infantry Weapons Level 2, Marine x5  
  146  8:27  Supply Depot  
  146  8:31  Terran Infantry Armor Level 2  
  146  8:37  Marine  
  146  8:38  Marine x3  
  150  8:42  Marine x4  
  150  8:43  Drilling Claws  
  150  8:44  Widow Mine  
  150  8:46  Factory Reactor  
  150  8:48  SCV x3  
  159  8:58  Marine x5  
  159  9:00  SCV x3, Marine x4  
  168  9:06  Medivac x2  
  168  9:09  Widow Mine  
  172  9:12  SCV  
  172  9:14  Planetary Fortress  
  172  9:16  Marine x2  
  175  9:17  Marine x3  
  175  9:18  Marine  
  175  9:21  Marine x2  
  175  9:24  Sensor Tower  
  181  9:28  Widow Mine x2  
  181  9:29  Marine  
  181  9:30  Widow Mine  
  188  9:34  Marine x2  
  188  9:35  Marine  
  188  9:38  Marine x2  
  181  9:40  Medivac  
  181  9:42  Marine x2  
  181  9:43  Marine  
  187  9:47  Marine  
  187  9:49  Command Center  
  188  9:53  Supply Depot  
  188  10:01  Supply Depot  
  188  10:05  Marine  
  188  10:06  SCV x3, Marine  
  188  10:08  Widow Mine  
  188  10:09  Widow Mine, Reaper x2  
  188  10:10  Widow Mine  
  188  10:12  Marine  
  188  10:13  Marine  
  173  10:16  Marine  
  173  10:17  Marine  
  173  10:18  Marine  
  161  10:23  Marine  
  161  10:24  Marine  
  161  10:26  Liberator  
  161  10:27  Liberator  
  167  10:30  Marine x2  
  167  10:34  Marine x2  
  152  10:36  Marine  
  152  10:37  Widow Mine x3  
  152  10:40  Marine x2  
  152  10:41  Marine  
  152  10:42  Marine  
  161  10:47  Command Center  
  161  10:48  Missile Turret, Marine x2  
  163  10:52  Marine x2  
  163  10:54  Marine  
  166  10:58  Marine x2  
  166  10:59  Marine  
  166  11:00  Marine  
  154  11:06  Marine x2  
  154  11:09  Widow Mine x2  
  154  11:10  Marine  
  161  11:12  Liberator x2  
  161  11:16  Marine x4  
  166  11:20  Marine  
  166  11:23  Marine  
  166  11:24  Marine x2  
  170  11:26  Widow Mine  
  170  11:28  Marine  
  173  11:33  Marine  
  173  11:34  Marine x3  
  173  11:38  Marine  
  178  11:41  Widow Mine, Marine  
  178  11:45  Marine  
  178  11:46  Widow Mine  
  184  11:47  Marine x2  
  184  11:48  Widow Mine  
  184  11:51  Marine x2  
  188  11:55  Liberator  
  188  11:56  Liberator  
  188  11:57  Marine x2  
  186  12:01  Marine x2  
  186  12:02  Widow Mine  
  186  12:03  Marine  
  186  12:05  Marine x2  
  186  12:07  Widow Mine  
  186  12:09  Widow Mine, Marine x2  
  186  12:14  Marine  
  186  12:15  Marine  
  185  12:19  Marine  
  179  12:23  Widow Mine, Marine  
  179  12:24  Marine  
  179  12:25  Marine  
  179  12:27  Marine  
  179  12:28  Marine  
  179  12:29  Marine  
  180  12:32  Marine x2  
  180  12:36  Widow Mine  
  180  12:37  Widow Mine  
  169  12:38  Liberator  
  169  12:39  Liberator  
  169  12:44  Marine x2  
  149  12:47  SCV x2  
  149  12:49  SCV  
  149  12:50  SCV  
  125  13:00  SCV x2  
  125  13:01  Marine x2  
  125  13:02  Marine  
  123  13:08  Marine x2  
  123  13:12  Marine  
  125  13:13  Marine  
  125  13:17  Marine x2  
  125  13:19  Marine  
  123  13:27  Marine x2  
  123  13:29  Marine  
  123  13:31  Marine  
  123  13:34  Marine x2  
  107  13:38  Marine  
  107  13:39  Marine  
  103  13:43  Marine  
  103  13:46  Widow Mine  
  84  13:48  Planetary Fortress  
  84  13:51  Medivac x2  
  84  13:52  Marine  
  84  13:53  Marine x3  
  84  13:54  Marine x2  
  92  13:56  Marine  
  92  14:01  Widow Mine, Barracks  
  92  14:02  Widow Mine, Barracks x2  
  94  14:07  Widow Mine  
  96  14:12  Marine  
  96  14:14  Sensor Tower, Marine x2  
  99  14:18  Marine  
  99  14:19  Marine x4  
  99  14:21  Medivac x2  
  99  14:22  Marauder, Widow Mine  
  99  14:24  Widow Mine  
  114  14:29  Terran Infantry Weapons Level 3, Terran Infantry Armor Level 3  
  114  14:32  Marine x3  
  114  14:33  Widow Mine  
  119  14:42  Marine x2  
  119  14:43  Marauder  
  119  14:44  Widow Mine  
  119  14:45  Widow Mine, Marine  
  128  14:51  Barracks Tech Lab x3, Medivac x2  
  123  14:53  Marine x2  
  123  14:54  Marine x2  
  123  14:55  Widow Mine  
  129  15:05  Widow Mine  
  129  15:06  SCV x2  
  133  15:08  Orbital Command  
  133  15:09  Widow Mine  
  136  15:15  Marauder x3  
  136  15:17  Widow Mine, Concussive Shells  
  142  15:22  Marauder  
  142  15:25  Medivac  
  142  15:26  Medivac  
  148  15:34  Marine x2  
  150  15:36  Marauder x2  
  142  15:47  SCV x2  
  142  15:49  Marauder  
  139  15:51  Marine x2  
  139  15:52  Marine  
  139  15:53  Marine x2  
  144  15:58  Marauder x3  
  144  16:02  Widow Mine  
  144  16:03  Widow Mine  
  154  16:07  Widow Mine  
  154  16:11  Marauder  
  158  16:18  Marine  
  158  16:19  Marine  
  158  16:20  Marauder x3  
  158  16:21  Marine x2  
  158  16:24  Widow Mine x2, Marine x3  
  175  16:28  Marine  
  175  16:32  Marine  
  177  16:34  Widow Mine  
  176  16:40  Missile Turret  
  176  16:41  Marauder, Marine  
  176  16:45  Widow Mine  
  174  16:49  Widow Mine  
  176  16:56  Marauder x2, Widow Mine  
  176  17:00  Marauder  
  183  17:01  Marine  
  183  17:06  Marauder, Marine  
  187  17:11  Marine  
  188  17:29  Marauder  
  187  17:30  Marauder  
  187  17:32  Medivac  
  187  17:34  Medivac  
  162  17:52  Marauder x2, Marine  
  162  17:57  Marauder  
  169  18:01  Widow Mine x2  
  169  18:02  Medivac  
  169  18:04  Medivac  
  177  18:09  Marauder  
  169  18:15  Widow Mine, Marine x3  
  169  18:17  Marauder  
  156  18:21  Marauder  
  156  18:22  Widow Mine  
  156  18:24  Widow Mine  
  148  18:32  Medivac  
  148  18:34  Medivac  
  148  18:36  Widow Mine  
  148  18:37  Marauder  
  148  18:40  Marine  
  147  18:41  Marine x2  
  147  18:43  Marauder, Widow Mine  
  147  18:44  Marine  
  147  18:46  Marine  

Tags
 
Add a new tag
Caveats
  • Supply blocks, unpowered buildings, or Contaminate may cause inaccurate times.
  • Supply counts are checked every 10 seconds.